Map: Winter Madness LE

Players

Yamommaha

  • Race: Zerg Zerg
  • League: Platinum
  • Spawn Location: 11:00

tatchka - Winner!

  • Race: Terran Terran
  • League: Diamond
  • Spawn Location: 5:00

VOD

Have the link to the VOD?

Description

bla

Time

  • Played on: June 15, 2026, 3:11 a.m.
  • Length: 10:04
Show
View Real Time Build Order
Export as new Build Order

Yamommaha Zerg 

Build Orders: Pool First 

Get SALT Encoding   

  12  0:25  Spawning Pool  
  12  0:26  Drone  
  12  0:27  Drone  
  13  0:31  Drone  
  14  0:45  Overlord  
  14  1:09  Hatchery  
  13  1:13  Zergling x4  
  13  1:15  Zergling x2  
  16  1:26  Extractor  
  16  1:28  Drone  
  16  1:41  Drone  
  17  1:49  Drone  
  18  1:58  Hatchery  
  18  1:59  Drone  
  18  2:28  Drone  
  19  2:32  Drone x3  
  22  2:37  Drone  
  22  2:39  Queen  
  25  2:51  Queen  
  25  2:56  Drone  
  28  3:02  Overlord  
  26  3:13  Zergling x4  
  26  3:23  Zergling x2  
  26  3:24  Zergling x2  
  15  3:54  Zergling x6  
  17  4:03  Zergling x2  
  15  4:19  Drone  
  15  4:20  Zergling x4  
  18  4:37  Drone  
  18  4:38  Drone  
  20  4:45  Drone  
  21  4:51  Drone  
  22  4:59  Drone  
  24  5:00  Drone  
  24  5:06  Drone  
  25  5:09  Drone  
  26  5:18  Metabolic Boost  
  26  5:23  Drone  
  26  5:28  Drone x2  
  29  5:35  Drone x2  
  31  5:44  Drone  
  31  5:45  Drone x2  
  31  5:48  Drone  
  35  5:59  Drone x4  
  39  6:07  Extractor  
  38  6:18  Drone x2  
  40  6:23  Drone x2  
  42  6:26  Overlord  
  42  6:29  Lair  
  42  6:36  Overlord  
  42  6:38  Overlord  
  42  6:44  Queen  
  44  6:48  Queen  
  46  6:55  Zergling x2  
  46  6:56  Zergling x4  
  46  6:57  Zergling x2  
  46  6:59  Zergling x2  
  51  7:06  Spore Crawler  
  50  7:08  Spore Crawler  
  49  7:18  Drone  
  49  7:19  Drone x2, Queen  
  54  7:22  Spore Crawler  
  54  7:24  Spore Crawler  
  54  7:26  Spore Crawler x2  
  54  7:28  Spore Crawler  
  49  7:33  Drone  
  49  7:34  Drone x3  
  53  7:51  Drone x3  
  54  7:52  Drone  
  57  8:03  Extractor  
  57  8:04  Extractor, Hatchery  
  54  8:06  Drone  
  54  8:07  Drone x2  
  57  8:14  Drone x3  
  57  8:15  Drone  
  61  8:24  Hydralisk Den  
  60  8:31  Infestation Pit  
  60  8:33  Spire  
  58  8:34  Queen  
  58  8:36  Pneumatized Carapace  
  58  8:39  Burrow  
  60  8:46  Drone x3  
  63  8:52  Drone  
  63  8:53  Drone x2  
  66  8:56  Grooved Spines  
  66  9:05  Hydralisk  
  66  9:08  Hydralisk x2  
  60  9:13  Spine Crawler  
  51  9:18  Spine Crawler  
  51  9:24  Spine Crawler  
  43  9:34  Hydralisk x2  
  34  9:39  Hydralisk  
Show
View Real Time Build Order
Export as new Build Order

tatchka Terran - Winner!

Build Orders:  

Get SALT Encoding   

  12  0:15  SCV  
  12  0:20  Supply Depot  
  13  0:23  Refinery  
  13  0:31  SCV  
  13  0:34  Refinery  
  14  0:44  SCV  
  15  0:55  Barracks  
  15  1:13  Barracks  
  15  1:27  Barracks  
  15  1:40  SCV  
  16  1:52  SCV  
  16  1:54  Reaper  
  18  1:59  Supply Depot  
  18  2:00  Reaper  
  19  2:05  SCV  
  20  2:15  Reaper  
  21  2:19  SCV  
  22  2:27  Reaper  
  23  2:33  SCV  
  23  2:35  Reaper  
  25  2:45  SCV  
  26  2:51  Reaper  
  26  2:52  Supply Depot  
  26  2:57  SCV  
  28  3:15  Reaper x2  
  28  3:16  SCV  
  26  4:44  Barracks Tech Lab  
  23  4:49  Barracks Reactor  
  23  4:52  Factory, Barracks Reactor  
  23  4:53  Factory  
  23  4:54  Orbital Command  
  23  4:55  Factory  
  23  4:59  Command Center  
  23  5:00  Supply Depot  
  23  5:01  Command Center  
  23  5:12  Marine  
  24  5:25  Marine x2  
  26  5:29  Marine x2  
  26  5:30  Marine  
  29  5:37  Factory Tech Lab  
  29  5:59  Barracks Reactor  
  29  6:09  Infernal Pre-Igniter  
  29  6:11  Hellion  
  31  6:12  Hellion x4, Barracks Reactor  
  31  6:16  Armory  
  39  6:21  Starport  
  39  6:27  Engineering Bay  
  39  6:28  Orbital Command  
  39  6:31  Orbital Command  
  39  7:12  Medivac x2  
  43  7:17  Barracks Reactor, Hellion x2  
  43  7:18  Hellion x3  
  43  7:21  Marine x2  
  43  7:22  Marine  
  56  7:25  SCV  
  56  7:26  SCV  
  56  7:27  SCV  
  59  7:33  Supply Depot  
  59  7:35  Terran Vehicle And Ship Armor Level 1  
  59  7:38  SCV  
  59  7:43  SCV x2  
  62  7:56  Hellion x4  
  62  7:57  Hellion  
  72  7:59  Marine x2  
  72  8:00  Marine  
  72  8:03  Marine  
  76  8:07  Orbital Command  
  72  9:28  Widow Mine x5  
  82  9:34  Command Center  
  82  9:36  Command Center  
  82  9:41  Marine  
  82  9:42  Marine x2  
  85  9:48  SCV x3  
  85  9:49  Supply Depot x2  
  85  9:50  Supply Depot x2  
Tags
 
Add a new tag
Caveats
  • Supply blocks, unpowered buildings, or Contaminate may cause inaccurate times.
  • Supply counts are checked every 10 seconds.